 Dungeon Crawl Stone Soup version 0.22-a0-858-g985ef60 (webtiles) character file.

277 mhoghedin the Conjurer (level 6, -2/34 HPs)
             Began as a Kobold Conjurer on July 27, 2018.
             Killed from afar by an orc wizard (10 damage)
             ... with a magic dart
             ... on level 4 of the Dungeon.
             The game lasted 00:09:58 (3436 turns).

mhoghedin the Conjurer (Kobold Conjurer)            Turns: 3436, Time: 00:09:59

Health: -2/34      AC:  2    Str:  6    XL:     6   Next: 51%
Magic:  1/11       EV: 15    Int: 18    God:
Gold:   122        SH:  0    Dex: 15    Spells: 1/12 levels left

rFire    . . .     SeeInvis .   h - +1 short sword
rCold    . . .     Gourm    .   (shield restricted)
rNeg     + . .     Faith    .   a - +0 robe
rPois    .         Spirit   .   (no helmet)
rElec    .         Reflect  .   (no cloak)
rCorr    .         Harm     .   (no gloves)
MR       +....                  (no boots)
Stlth    ++........             (no amulet)
HPRegen  0.11/turn              i - ring of positive energy {rN+}
MPRegen  0.12/turn              o - ring of protection from magic {MR+, !d}

@: no status effects
A: small, carnivore
a: no special abilities


You were on level 4 of the Dungeon.
You were not hungry.

You visited 1 branch of the dungeon, and saw 4 of its levels.

You collected 122 gold pieces.

Inventory:

Hand Weapons
 h - a +1 short sword (weapon)
   (You found it on level 1 of the Dungeon)
Armour
 a - a +0 robe (worn)
Jewellery
 b - an uncursed ring of fire {rF+, rC-}
   (You found it on level 1 of the Dungeon)
 i - a ring of positive energy (left hand) {rN+}
   (You found it on level 1 of the Dungeon)
 o - a ring of protection from magic (right hand) {MR+, !d}
   (You took it off a hobgoblin on level 3 of the Dungeon)
Wands
 n - a wand of acid (7)
   (You found it on level 3 of the Dungeon)
Scrolls
 e - a scroll of amnesia
 j - 2 scrolls of remove curse
 l - 2 scrolls of enchant weapon
 m - a scroll of teleportation
Potions
 f - a potion of heal wounds
 g - a potion of might {unknown}
 k - a potion of magic {unknown}
 p - a potion of resistance {unknown}
 q - a potion of degeneration {unknown}
Comestibles
 c - 8 rations
 d - 2 chunks of flesh {@w0}


   Skills:
 + Level 1.0 Fighting
 + Level 1.3 Short Blades
 - Level 2.4 Dodging
 + Level 3.2 Stealth
 - Level 3.9 Spellcasting
 - Level 5.2 Conjurations
 - Level 1.8 Hexes
 - Level 1.2 Translocations
 - Level 1.0 Fire Magic


You had one spell level left.
You knew the following spells:

 Your Spells              Type           Power        Failure   Level  Hunger
a - Magic Dart            Conj           ###.         1%          1    None
b - Searing Ray           Conj           ###...       2%          2    ##.....
c - Dazzling Spray        Conj/Hex       ###...       11%         3    ###....
d - Blink                 Tloc           N/A          14%         2    ##.....
e - Conjure Flame         Conj/Fire      ##......     12%         3    ###....

Your spell library contained the following spells:

 Spells                   Type           Power        Failure   Level  Hunger
 Slow                     Hex            ##......     11%         2    ##.....
 Mephitic Cloud           Conj/Pois/Air  #.......     22%         3    ###....
 Iskenderun's Mystic Bla  Conj           ###.....     17%         4    ####...
 Call Imp                 Summ           #.......     22%         2    ##.....
 Fulminant Prism          Conj/Hex       ###.......   34%         4    ####...
 Force Lance              Conj/Tloc      ###.....     36%         4    ####...


Dungeon Overview and Level Annotations

Branches:
Dungeon (4/15)
 Temple: D:4-7

Altars:
Kikubaaqudgha
Makhleb
Yredelemnul


Innate Abilities, Weirdness & Mutations

You are small and have problems with some larger weapons.
You are carnivorous and can eat meat at any time.


Message History

The spray of energy hits the orc priest.
The orc priest is dazzled.
The orc priest looks braver for a moment.
An orc wizard comes into view. It is wielding a dagger.
You now have 8/11 mp.
The orc priest hits you with a whip.
You take 4 damage, and have 28/32 hp.
Aim: an orc priest, wielding a whip (moderately wounded, blind)
The searing ray hits the orc priest. (Press . to maintain the ray.)
You now have 6/11 mp.
The searing ray hits the orc priest.
You kill the orc priest!
Your Stealth skill increases to level 3!
An orc comes into view. It is wielding a hand axe.
You now have 5/11 mp.
The searing ray hits the orc wizard.
You now have 4/11 mp.
The searing ray hits the orc wizard.
You kill the orc wizard!
Your Fighting skill increases to level 1!
Your Short Blades skill increases to level 1!
You finish channeling your searing ray.
The orc shouts!
You now have 3/11 mp.
Things that are here:
a dagger; a robe; an orc corpse You butcher the orc corpse.
Things that are here:
a dagger; a robe; 2 chunks of flesh {@w0} There isn't anything to butcher here.
The orc closely misses you.
You see here a whip.
You hit the orc. The orc hits you but does no damage.
You closely miss the orc. The orc misses you.
You hit the orc.
You kill the orc!
Aim: an orc wizard, wielding an enchanted dagger and wearing a robe The searing ray hits the orc wizard. (Press . to maintain the ray.)
You now have 2/11 mp.
The searing ray misses the orc wizard.
The orc wizard points at you and mumbles some strange words.
The magic dart hits you!
You take 7 damage, and have 24/34 hp.
MASSIVE DAMAGE!!
You now have 1/11 mp.
The searing ray hits the orc wizard.
The orc wizard gestures wildly while chanting.
The orc wizard seems to speed up.
You now have 0/11 mp.
You hit the orc wizard.
The orc wizard hits you but does no damage.
You barely miss the orc wizard. The orc wizard misses you.
The orc wizard closely misses you.
You miss the orc wizard. The orc wizard barely misses you.
You hit the orc wizard but do no damage.
The orc wizard casts a spell at you. The magic dart hits you!
The orc wizard hits you but does no damage.
You take 10 damage, and have 15/34 hp.
MASSIVE DAMAGE!!
Aim: an orc wizard, wielding an enchanted dagger and wearing a robe (heavily wounded, fast)
The magic dart hits the orc wizard.
The orc wizard hits you with an enchanted dagger.
The orc wizard closely misses you.
You take 1 damage, and have 14/34 hp.
You now have 0/11 mp.
You hit the orc wizard but do no damage.
The orc wizard barely misses you.
You miss the orc wizard. The orc wizard misses you. x2
You hit the orc wizard but do no damage.
The orc wizard hits you but does no damage.
You barely miss the orc wizard. The orc wizard barely misses you.
The orc wizard hits you with an enchanted dagger.
You take 2 damage, and have 12/34 hp.
Aim: an orc wizard, wielding an enchanted dagger and wearing a robe (severely wounded, fast)
The magic dart hits the orc wizard.
The orc wizard hits you with an enchanted dagger.
The orc wizard barely misses you.
You take 1 damage, and have 11/34 hp.
You now have 0/11 mp.
You hit the orc wizard.
The orc wizard hits you but does no damage.
You closely miss the orc wizard. The orc wizard misses you.
The orc wizard hits you with an enchanted dagger.
* * * LOW HITPOINT WARNING * * *
You take 3 damage, and have 8/34 hp.
Okay, then.
Unknown command.
You closely miss the orc wizard. The orc wizard closely misses you.
You barely miss the orc wizard.
The orc wizard mumbles some strange words.
The orc wizard blinks!
d - 2 chunks of flesh {@w0}
Things that are here:
a dagger; a robe
Aim: an orc wizard, wielding an enchanted dagger and wearing a robe (almost dead, fast)
The bolt of acid misses the orc wizard.
The orc wizard gestures at you while chanting.
The magic dart hits you!
You die...

#..## #....
#...# #...##
#.... ... o..
#.# #)# #.#
##)####### #.#
#.@......# #.#
#..#####.# #.#
#..# ###
#.#####..####
..#
#.#.........#
..#
##.#.###..##.#
.)######....#
#..# #
............#
#....
########...##
##.##.


You could see an orc wizard.

Vanquished Creatures
  An orc priest (D:4)
  An orc wizard (D:4)
  A bullfrog skeleton (D:4)
  A worker ant (D:4)
  A hound zombie (D:3)
  2 hound skeletons (D:3)
  A howler monkey zombie (D:3)
  A worker ant zombie (D:3)
  2 adders
  2 oozes
  An adder zombie (D:3)
  An adder skeleton (D:3)
  3 worms
  A dart slug (D:1)
  3 leopard geckos
  6 orcs
  2 bats (D:1)
  A giant cockroach (D:3)
  8 goblins
  8 hobgoblins
  A quokka (D:4)
  A ball python (D:2)
  3 frilled lizards
  3 kobolds (D:1)
  A leopard gecko skeleton (D:3)
  A quokka zombie (D:3)
  9 rats
66 creatures vanquished.

Vanquished Creatures (others)
  A human (D:3)
1 creature vanquished.

Grand Total: 67 creatures vanquished

Notes
Turn   | Place    | Note
-------+----------+-------------------------------------------
     0 | D:1      | mhoghedin the Kobold Conjurer began the quest for the Orb.
     0 | D:1      | Reached XP level 1. HP: 10/10 MP: 3/3
   184 | D:1      | Reached XP level 2. HP: 15/15 MP: 0/5
   239 | D:1      | Learned a level 2 spell: Searing Ray
   750 | D:1      | Reached XP level 3. HP: 19/19 MP: 1/7
  1069 | D:2      | Reached skill level 3 in Spellcasting
  1128 | D:2      | Learned a level 3 spell: Dazzling Spray
  1390 | D:2      | Reached XP level 4. HP: 24/24 MP: 0/8
  1683 | D:2      | Found a burning altar of Makhleb.
  1685 | D:2      | Found a basalt altar of Yredelemnul.
  1841 | D:3      | Reached skill level 1 in Hexes
  2002 | D:3      | Learned a level 2 spell: Blink
  2142 | D:3      | Found an ancient bone altar of Kikubaaqudgha.
  2176 | D:3      | Reached XP level 5. HP: 28/28 MP: 3/10
  2553 | D:3      | Reached skill level 5 in Conjurations
  2566 | D:3      | Reached skill level 1 in Translocations
  2954 | D:3      | Noticed a human
  2955 | D:3      | Killed a human
  3073 | D:3      | Learned a level 3 spell: Conjure Flame
  3154 | D:4      | Reached XP level 6. HP: 19/32 MP: 5/11
  3158 | D:4      | Reached skill level 1 in Fire Magic
  3408 | D:4      | Reached skill level 3 in Stealth
  3410 | D:4      | Reached skill level 1 in Fighting
  3410 | D:4      | Reached skill level 1 in Short Blades
  3431 | D:4      | HP: 8/34 [orc wizard/enchanted dagger (3)]
  3436 | D:4      | Killed from afar by an orc wizard

Vault maps used:
D:1:      minmay_arrival_shattered_statue
D:2:      grunt_temple_overflow_open, minmay_hedge_maze, minmay_misc_feat_tiny
D:3:      serial_undead, serial_undead_e, serial_undead_c, serial_undead_d,
          serial_undead_e, serial_undead_a, serial_undead_b,
          columned_hall_lemuel, tgw_kikubaaqudgha
D:4:      serial_bayou_pond_b

Skill      XL: |  1  2  3  4  5  6 |
---------------+-------------------+-----
Spellcasting   | 3 |  3.9
Hexes          | 1 |  1.8
Conjurations   | 5 |  5.2
Translocations | 1 |  1.2
Fire Magic     | 1 |  1.0
Stealth        | 3 |  3.2
Fighting       | 1 |  1.0
Short Blades   | 1 |  1.3
Dodging        | |  2.4

Action                   |  1- 3 |  4- 6 || total
-------------------------+-------+-------++-------
Melee: Short sword       |     1 |    77 ||    78
 Cast: Magic Dart        |    51 |    64 ||   115
       Searing Ray       |     3 |     9 ||    12
       Dazzling Spray    |       |     4 ||     4
Evoke: Wand              |       |     3 ||     3
  Use: Scroll            |     2 |     3 ||     5
       Potion            |       |     1 ||     1
 Stab: Sleeping          |       |     1 ||     1
       Invisible         |       |     1 ||     1
  Eat: Chunk             |     4 |     5 ||     9
Armor: Robe              |     1 |     6 ||     7
Dodge: Dodged            |     9 |    91 ||   100

Table legend:
 A = Spawn XP
 B = Non-spawn XP
 C = Spawn XP percentage of total XP
 D = Spawn monster count
 E = Non-spawn monster count
 F = Spawn count percentage of total count
 G = Total turns spent on level
                    A         B        C        D         E        F      G
               +---------+---------+-------+---------+---------+-------+---------
         Total |       0 |     397 |   0.0 |       0 |      66 |   0.0 |  3436
               +---------+---------+-------+---------+---------+-------+---------
           D:1 |       0 |      33 |   0.0 |       0 |      17 |   0.0 |  1065
           D:2 |       0 |      42 |   0.0 |       0 |      14 |   0.0 |   721
           D:3 |       0 |     152 |   0.0 |       0 |      25 |   0.0 |  1384
           D:4 |       0 |     170 |   0.0 |       0 |      10 |   0.0 |   266
               +---------+---------+-------+---------+---------+-------+---------

Vault maps used:
D:1:      minmay_arrival_shattered_statue
D:2:      grunt_temple_overflow_open, minmay_hedge_maze, minmay_misc_feat_tiny
D:3:      serial_undead, serial_undead_e, serial_undead_c, serial_undead_d,
          serial_undead_e, serial_undead_a, serial_undead_b,
          columned_hall_lemuel, tgw_kikubaaqudgha
D:4:      serial_bayou_pond_b

Table legend:
 A = Turns spent in this place as a percentage of turns spent in the entire game.
 B = Non-inter-level travel turns spent in this place as a percentage of non-inter-level travel turns spent in the entire game.
 C = Inter-level travel turns spent in this place as a percentage of turns spent in this place.
 D = Turns resting spent in this place as a percentage of non-inter-level travel turns spent in this place.
 E = Turns spent auto-exploring this place as a percentage of non-inter-level travel turns spent in this place.
 F = Non-inter-level travel turns spent in this place divided by the number of levels of this place that you've seen.
                   A       B       C       D       E      F
               +-------+-------+-------+-------+-------+----------------------
         Total | 100.0 | 100.0 |   2.1 |  45.0 |  39.8 | 841.2
       Dungeon | 100.0 | 100.0 |   2.1 |  45.0 |  39.8 | 841.2
               +-------+-------+-------+-------+-------+----------------------

Table legend:
 A = Kills in this place as a percentage of kills in entire the game.
 B = Kills by you in this place as a percentage of kills by you in the entire game.
 C = Kills by friends in this place as a percentage of kills by friends in the entire game.
 D = Other kills in this place as a percentage of other kills in the entire game.
 E = Experience gained in this place as a percentage of experience gained in the entire game.
 F = Experience gained in this place divided by the number of levels of this place that you have seen.
                   A       B       C       D       E      F
               +-------+-------+-------+-------+-------+----------------------
         Total | 100.0 | 100.0 |   N/A |   N/A | 100.0 |  99.2
       Dungeon | 100.0 | 100.0 |   N/A |   N/A | 100.0 |  99.2
               +-------+-------+-------+-------+-------+----------------------
